[ AOE2 MATCH · #482333239 ]
UnrankedRomans vs Jurchens
[ REPLAY ANALYSIS · EXTRACTED FROM THE RECORDED GAME ]
Feudal
—
Castle
—
Imperial
—
| APM avg | 17.6 |
| APM peak | 25 |
| eAPM avg | 8.4 |
| Villagers / military | 18 / 0 |
Focus
⚔️ 17.6% · 🌾 82.4%
Feudal
—
Castle
—
Imperial
—
| APM avg | 11.0 |
| APM peak | 24 |
| eAPM avg | 8.1 |
| Villagers / military | 14 / 0 |
Focus
⚔️ 14.3% · 🌾 85.7%
Feudal
—
Castle
—
Imperial
—
| APM avg | 33.5 |
| APM peak | 67 |
| eAPM avg | 16.6 |
| Villagers / military | 18 / 0 |
Focus
⚔️ 5.9% · 🌾 94.1%
Feudal
—
Castle
—
Imperial
—
| APM avg | 36.2 |
| APM peak | 59 |
| eAPM avg | 10.7 |
| Villagers / military | 13 / 0 |
Focus
⚔️ 8.8% · 🌾 91.2%
Match map
Initial resources + every placement click. Lines = walls · curves = elevation contours. ◆ gold · ⬟ stone · ● berries · ✦ relic · ◌ wall gap
Your base
IT-babka's base
gabrissss's base
Micky's base
Smoothed initial terrain · ◌ = detected wall gap · hover for details
Inputs per minute
— simmfrr - - IT-babka
Build order — simmfrr
26 actions detected in the replay
| 0:02 | Create | Villager (Male) |
| 0:02 | Create | Villager (Male) |
| 0:11 | Build | House |
| 0:53 | Build | House |
| 0:56 | Build | House |
| 1:00 | Build | Palisade Gate |
| 1:03 | Build | House |
| 1:15 | Build | Palisade Gate |
| 1:25 | Create | Villager (Male) |
| 1:25 | Create | Villager (Male) |
| 1:26 | Create | Villager (Male) |
| 1:44 | Create | Villager (Male) |
| 1:44 | Create | Villager (Male) |
| 2:46 | Create | Villager (Male) |
| 3:15 | Create | Villager (Male) |
| 3:34 | Create | Villager (Male) |
| 3:55 | Create | Villager (Male) |
| 4:20 | Build | Lumber Camp |
| 4:26 | Create | Villager (Male) |
| 5:15 | Create | Villager (Male) |
| 5:15 | Create | Villager (Male) |
| 5:19 | Create | Villager (Male) |
| 6:23 | Create | Villager (Male) |
| 6:23 | Create | Villager (Male) |
| 6:27 | Build | Mill |
| 6:48 | Create | Villager (Male) |
Build order — IT-babka
23 actions detected in the replay
| 0:04 | Create | Villager (Male) |
| 0:04 | Create | Villager (Male) |
| 0:04 | Create | Villager (Male) |
| 0:06 | Build | House |
| 0:08 | Build | House |
| 0:21 | Create | Villager (Male) |
| 0:42 | Research | Loom |
| 0:59 | Create | Villager (Male) |
| 1:01 | Create | Villager (Male) |
| 1:37 | Build | Palisade Wall |
| 2:05 | Create | Villager (Male) |
| 2:55 | Build | Palisade Wall |
| 2:58 | Create | Villager (Male) |
| 3:33 | Build | House |
| 3:38 | Build | House |
| 3:48 | Create | Villager (Male) |
| 4:06 | Build | House |
| 4:10 | Build | House |
| 4:18 | Create | Villager (Male) |
| 4:55 | Create | Villager (Male) |
| 6:06 | Create | Villager (Male) |
| 6:16 | Create | Villager (Male) |
| 6:35 | Create | Villager (Male) |
Build order — gabrissss
27 actions detected in the replay
| 0:03 | Create | Villager (Male) |
| 0:04 | Research | Loom |
| 0:05 | Create | Villager (Male) |
| 0:05 | Create | Villager (Male) |
| 0:05 | Create | Villager (Male) |
| 0:05 | Create | Villager (Male) |
| 0:07 | Build | House |
| 0:09 | Build | House |
| 2:13 | Build | Palisade Wall |
| 2:14 | Create | Villager (Male) |
| 3:04 | Create | Villager (Male) |
| 3:11 | Build | Lumber Camp |
| 3:28 | Create | Villager (Male) |
| 3:28 | Create | Villager (Male) |
| 4:02 | Build | House |
| 4:14 | Create | Villager (Male) |
| 4:15 | Create | Villager (Male) |
| 4:31 | Create | Villager (Male) |
| 4:31 | Create | Villager (Male) |
| 4:57 | Build | House |
| 5:19 | Build | Mill |
| 5:39 | Build | House |
| 5:46 | Create | Villager (Male) |
| 5:46 | Create | Villager (Male) |
| 6:17 | Create | Villager (Male) |
| 6:39 | Create | Villager (Male) |
| 6:39 | Create | Villager (Male) |
Build order — Micky
18 actions detected in the replay
| 0:05 | Create | Villager (Male) ×4 |
| 0:06 | Build | House |
| 0:08 | Build | House |
| 1:41 | Create | Villager (Male) |
| 2:07 | Build | House |
| 2:20 | Build | Lumber Camp |
| 2:21 | Create | Villager (Male) ×2 |
| 2:38 | Build | House |
| 2:42 | Build | Palisade Wall |
| 2:53 | Create | Villager (Male) |
| 3:37 | Create | Villager (Male) |
| 3:44 | Create | Villager (Male) |
| 4:32 | Create | Villager (Male) |
| 5:03 | Create | Villager (Male) |
| 5:51 | Create | Villager (Male) |
| 5:59 | Build | House |
| 6:22 | Build | House |
| 6:27 | Build | House |
Match timeline
| 1:37 | IT-babka · wall_segment Palisade Wall x7 |
| 2:13 | gabrissss · wall_segment Palisade Wall x7 |
| 2:42 | Micky · wall_segment Palisade Wall x1 |
| 2:55 | IT-babka · wall_segment Palisade Wall x7 |
| 6:37 | Micky · resign |
[ AI ANALYSIS · 1 CREDIT ]
What really happened in this match?
Wolo.gg analyzes every decision: build order, eco, micro, common mistakes by bracket. Personalized analysis on WhatsApp or Discord in 30 seconds.
Civ guide
Romans
Perfil
Jugador #14603561